AoeStats
← MatzeAoE

MegaRandom

506212119Analyzed
1v1 RM · 19d ago on Sep 12, 2026· 37m 18s· 2 players
Game mode
Random Map
Map size
Tiny (2 player)
Population
200
Speed
Normal
Resources
Standard
Victory
Conquest
Starting age
Dark Age
Ending age
Imperial Age
RankedLock teamsTeams togetherTeam positionsShared explorationLock speedFull tech treeHidden civsTurbo modeCheats
Victory
Defeat
🇩🇪 Jurchens · Germany
2143
+9
🇫🇷 Hindustanis · France
1981
-9
Kiddo
0:28 Loom
12:16 Feudal Age
16:15 Castle Age
17:59 Scale Mail Armor
22:40 Forging
36:20 Town Watch
MatzeAoE
0:28 Loom
9:43 Feudal Age
10:19 Double-Bit Axe
12:03 Fishing Lines
14:42 Town Watch
18:54 Castle Age
18:21 Bloodlines
24:08 Fletching
25:28 Forging
28:28 Bow Saw
34:02 Horse Collar
36:25 Bodkin Arrow
Connection lost

Rejoining the realm…

Still unreachable

The connection could not be restored.

Session expired

The server has moved on; the page needs a fresh start.